 Dungeon Crawl Stone Soup version 0.30-a0-154-gb106f4c828 (webtiles) character file.

Game seed: 15656089610447628349

81 Ghostare the Shooter (level 4, 0/34 HPs)
             Began as a Demonspawn Hunter on Sept 27, 2022.
             Was a Follower of Kikubaaqudgha.
             Slain by Terence
             ... wielding a +0 hand axe
              (4 damage)
             ... on level 2 of the Dungeon.
             The game lasted 00:16:07 (2694 turns).

Ghostare the Shooter (Demonspawn Hunter)            Turns: 2694, Time: 00:16:07

Health: 0/34       AC:  8    Str: 11    XL:     4   Next: 20%
Magic:  4/4        EV: 11    Int: 13    God:    Kikubaaqudgha [*.....]
Gold:   84         SH:  0    Dex: 16    Spells: 2/3 levels left

rFire   . . .      SeeInvis .    k - +0 mace
rCold   . . .      Faith    .    (no shield)
rNeg    . . .      Spirit   .    g - +0 ring mail
rPois   .          Reflect  .    p - +0 helmet
rElec   .          Harm     .    (no cloak)
rCorr   .          Rampage  .    (no gloves)
Will    .....                    (no boots)
Stlth   +.........               (no amulet)
HPRegen 0.11/turn                (no ring)
MPRegen 0.09/turn                (no ring)

@: no status effects
A: molten scales 1, weakness stinger 1
a: Renounce Religion, Unearth Wretches


You were on level 2 of the Dungeon.
You worshipped Kikubaaqudgha.
Kikubaaqudgha was aware of your devotion.
You visited 1 branch of the dungeon, and saw 2 of its levels.

You collected 84 gold pieces.

Inventory:

Hand Weapons
 a - a +0 shortbow
 k - a +0 mace (weapon)
 l - a +0 dagger
 m - a +0 spear
Armour
 c - a +0 leather armour
 g - a +0 ring mail (worn)
 p - a +0 helmet (worn)
Magical Staves
 d - a staff of cold
Jewellery
 e - an amulet of reflection
Scrolls
 f - 2 scrolls of identify
 n - a scroll of summoning {unknown}
Potions
 j - a potion of attraction
 o - a potion of heal wounds {unknown}


   Skills:
 + Level 2.3 Fighting
 + Level 4.6 Ranged Weapons
 + Level 1.0 Armour
 + Level 2.1 Dodging
 - Level 0.8 Stealth
 + Level 0.1 Spellcasting
 + Level 0.4 Necromancy


You had 2 spell levels left.
You knew the following spells:

 Your Spells              Type           Power      Damage    Failure   Level
a - Necrotise             Necr           4%         1d4       52%         1

Your spell library contained the following spells:

 Spells                   Type           Power      Damage    Failure   Level
 Sublimation of Blood     Necr           1%         N/A       67%         2
 Vampiric Draining        Necr           1%         2d6       88%         3
 Ignite Poison            Fire/Tmut/Pois 0%         N/A       91%         3
 Mephitic Cloud           Conj/Pois/Air  0%         N/A       91%         3
 Animate Dead             Necr           1%         N/A       99%         4
 Freezing Cloud           Conj/Ice/Air   0%         6-21      100%        5


Dungeon Overview and Level Annotations

Branches:
Dungeon (2/15)

Altars:
Kikubaaqudgha

Annotations:
D:2 Terence


Innate Abilities, Weirdness & Mutations

You are partially covered in molten scales. (AC +2)
You have a small tail.


Message History

Terence is moderately wounded.
Terence barely misses you.
You hit Terence but do no damage.
Terence is moderately wounded.
Your transformation is almost over.
Terence hits you but does no damage. x2
You barely miss Terence.
Terence is moderately wounded.
Terence hits you but does no damage.
You hit Terence.
Terence is heavily wounded.
Terence hits you with a +0 hand axe.
* * * LOW HITPOINT WARNING * * *
You hit Terence.
Terence is severely wounded.
Terence screams, "I'm going to kill you!"
Terence hits you but does no damage. Terence completely misses you.
You hit Terence but do no damage.
Terence is severely wounded.
Terence hits you but does no damage.
You hit Terence but do no damage.
Terence is severely wounded.
Terence shouts, "Now you die!" Terence hits you with a +0 hand axe.
* * * LOW HITPOINT WARNING * * *
Terence hits you with a +0 hand axe.
* * * LOW HITPOINT WARNING * * *
You closely miss Terence.
Terence is severely wounded.
You feel less wooden.
Your +0 helmet unmelds from your body.
Your +0 ring mail unmelds from your body.
Terence hits you with a +0 hand axe.
* * * LOW HITPOINT WARNING * * *
Really read the scroll of immolation?
As you read the scroll of immolation, it crumbles to dust.
The creatures around you are filled with an inner flame!
Terence hits you with a +0 hand axe.
You die...
Kikubaaqudgha rasps: "You have failed me!
Welcome... death!"

.##### #...(#### #... #..#
.....####.##.### #..###.##
......##..##...## #......#
###.#...........#########...#
###.........................#
....###.##.))........######......
....# #..........###.............
....# #####....†## #############.
...># #.....@@# ....# #.......#
....# #.<.....# ....# ##.....##
##### ##...## #####


You could see Terence (inner flame).

Vanquished Creatures
  3 gnolls (D:2)
  An adder (D:2)
  A worm (D:2)
  2 dart slugs
  3 ball pythons
  2 endoplasms (D:1)
  3 giant cockroaches (D:2)
  2 goblins (D:2)
  4 hobgoblins
  6 jackals (D:2)
  A kobold (D:2)
  A quokka (D:2)
  2 bats (D:2)
  A frilled lizard (D:1)
  2 rats (D:1)
34 creatures vanquished.

Vanquished Creatures (others)
  An endoplasm (D:2)
  A goblin (D:2)
  2 kobolds (D:2)
4 creatures vanquished.

Grand Total: 38 creatures vanquished

Notes
Turn   | Place    | Note
-------+----------+-------------------------------------------
     0 | D:1      | Ghostare the Demonspawn Hunter began the quest for the Orb.
     0 | D:1      | Reached XP level 1. HP: 16/16 MP: 1/1
   527 | D:1      | Gained mutation: You have a small tail. [demonic ancestry]
   527 | D:1      | Reached XP level 2. HP: 17/22 MP: 2/2
   846 | D:1      | Found a faded altar of an unknown god.
   859 | D:1      | Prayed at the altar of an unknown god.
   859 | D:1      | Became a worshipper of Kikubaaqudgha
   859 | D:1      | Reached * piety under Kikubaaqudgha
   859 | D:1      | Received a gift from Kikubaaqudgha
  1291 | D:2      | Reached skill level 4 in Ranged Weapons
  1459 | D:2      | Gained mutation: You are partially covered in molten
                  | scales. (AC +2) [demonic ancestry]
  1459 | D:2      | Reached XP level 3. HP: 21/27 MP: 3/3
  1722 | D:2      | Learned a level 1 spell: Necrotise
  1734 | D:2      | Reached skill level 1 in Armour
  2249 | D:2      | Reached XP level 4. HP: 33/33 MP: 4/4
  2515 | D:2      | Noticed Terence
  2694 | D:2      | Slain by Terence

Illustrated notes

Levels and vault maps discovered:
D:1:      minmay_arrival_wavy_path, layout_loops_ring,
          shapermc_ecumenical_altar_totnotflames
D:2:      layout_rooms, grunt_decor_arrowhead, uniq_terence

Skill      XL: |  1  2  3 |
---------------+----------+-----
Dodging        | 2 |  2.1
Ranged Weapons | 4 |  4.6
Armour         | 1 |  1.0
Fighting       | |  2.3
Stealth        | |  0.8
Spellcasting   | |  0.1
Necromancy     | |  0.4

Action                   |  1- 3 |  4- 6 || total
-------------------------+-------+-------++-------
Melee: Mace              |       |    14 ||    14
 Fire: Shortbow          |    82 |    33 ||   115
 Cast: Necrotise         |       |     2 ||     2
Invok: Unearth Wretches  |     2 |       ||     2
  Use: Scroll            |     5 |     2 ||     7
       Potion            |       |     1 ||     1
Armor: Ring mail         |    23 |    29 ||    52
       Skin              |       |     9 ||     9
Dodge: Dodged            |    49 |    48 ||    97

Table legend: (Time is in decaauts)
 A = Elapsed time spent in this place.
 B = Non-inter-level travel time spent in this place.
 C = Inter-level travel time spent in this place.
 D = Time resting spent in this place.
 E = Time spent auto-exploring this place.
 F = Levels seen in this place.
 G = Mean time per level.
                   A        B        C        D        E       F      G
               +--------+--------+--------+--------+--------+-----+--------+
         Total |   2746 |   2746 |      0 |   1409 |    412 |   2 | 1373.0 |
       Dungeon |   2746 |   2746 |      0 |   1409 |    412 |   2 | 1373.0 |
               +--------+--------+--------+--------+--------+-----+--------+

Top non-repeatable levels by time:
     D:2: 1455 daAuts
     D:1: 1291 daAuts
